Map: Oceanborn LE

Players

Reynor

  • Race: Zerg Zerg
  • League: Master
  • Spawn Location: 5:00

Oliveira - Winner!

  • Race: Terran Terran
  • Spawn Location: 11:00

Event: Bellum Gens Elite Stara Zagora 2024

VOD

Have the link to the VOD?

Description

Time

  • Played on: Sept. 8, 2024, 11 a.m.
  • Length: 30:36

All games in this series

Show
View Real Time Build Order
Export as new Build Order

Reynor Zerg 

Build Orders: Hatch First, Brood Lord Corruptor 

Get SALT Encoding   

  12  0:00  Drone  
  13  0:08  Drone  
  14  0:14  Extractor  
  14  0:15  Drone  
  15  0:36  Hatchery  
  15  0:40  Extractor  
  15  0:42  Drone  
  15  0:47  Overlord  
  15  1:02  Spawning Pool  
  14  1:06  Drone  
  14  1:09  Drone  
  16  1:13  Drone  
  16  1:17  Drone  
  18  1:27  Drone, Extractor  
  18  1:39  Drone  
  19  1:48  Drone, Queen  
  19  1:49  Queen  
  19  1:51  Drone  
  25  1:58  Drone  
  25  1:59  Overlord  
  26  2:09  Drone  
  26  2:10  Drone  
  28  2:20  Drone  
  28  2:21  Drone  
  30  2:28  Hatchery  
  29  2:32  Queen  
  29  2:36  Drone  
  32  2:39  Overlord  
  32  2:42  Drone  
  33  2:44  Drone  
  33  2:50  Queen  
  36  2:58  Drone x2  
  36  2:59  Drone x2  
  36  3:03  Overlord  
  36  3:05  Drone  
  41  3:08  Drone  
  42  3:15  Drone  
  42  3:17  Roach Warren  
  42  3:19  Drone  
  43  3:23  Queen  
  43  3:26  Drone  
  46  3:31  Overlord  
  46  3:33  Queen  
  48  3:36  Drone x2  
  48  3:38  Drone  
  48  3:41  Overlord  
  51  3:43  Drone  
  51  3:46  Drone  
  51  3:47  Drone  
  54  3:49  Queen  
  56  3:58  Roach x3  
  62  4:05  Roach x2  
  62  4:06  Roach  
  62  4:08  Overlord  
  62  4:09  Drone  
  69  4:11  Drone  
  69  4:12  Drone  
  69  4:15  Queen  
  73  4:19  Overlord  
  73  4:21  Overlord  
  73  4:23  Drone  
  74  4:26  Overlord  
  74  4:28  Drone x2  
  74  4:30  Drone  
  77  4:36  Overlord  
  77  4:39  Drone  
  77  4:42  Drone  
  77  4:43  Drone x2  
  81  4:48  Hatchery  
  80  4:53  Drone x2  
  80  4:55  Lair  
  80  4:56  Drone x3  
  80  4:57  Drone, Overlord  
  86  5:01  Drone  
  87  5:09  Drone x3  
  87  5:10  Overlord, Extractor  
  87  5:12  Drone x2  
  91  5:22  Overlord, Evolution Chamber  
  91  5:23  Drone, Evolution Chamber  
  91  5:24  Drone  
  91  5:25  Evolution Chamber  
  91  5:27  Overlord  
  89  5:28  Drone x2  
  89  5:30  Drone  
  89  5:31  Drone  
  89  5:33  Drone  
  89  5:40  Spore Crawler  
  89  5:41  Drone, Evolution Chamber  
  89  5:42  Spore Crawler, Queen  
  90  5:43  Extractor, Evolution Chamber  
  90  5:47  Drone x3, Roach  
  90  5:48  Drone  
  95  5:55  Drone x2  
  95  5:56  Drone  
  98  5:59  Spore Crawler  
  98  6:03  Drone x2  
  99  6:04  Drone  
  99  6:06  Metabolic Boost  
  99  6:07  Drone  
  99  6:09  Drone x3  
  104  6:12  Drone, Hatchery  
  104  6:13  Zerg Ground Armor Level 1  
  104  6:14  Overlord  
  104  6:15  Extractor  
  104  6:16  Drone  
  104  6:17  Zerg Melee Weapons Level 1  
  104  6:19  Drone, Queen  
  104  6:24  Drone  
  108  6:27  Drone x2, Baneling Nest  
  108  6:28  Spore Crawler  
  108  6:32  Zergling x2  
  109  6:33  Zergling x14  
  109  6:38  Zergling x2  
  117  6:42  Infestation Pit  
  117  6:43  Hatchery, Drone x3  
  118  6:47  Zergling x2  
  118  6:53  Drone x2  
  118  6:54  Drone x2  
  123  6:55  Overlord  
  123  6:57  Zergling x2, Overseer  
  123  7:00  Zergling x10  
  129  7:03  Zergling x10  
  129  7:06  Overlord  
  129  7:07  Zergling x4  
  136  7:08  Ravager  
  136  7:09  Ravager x2  
  136  7:12  Zergling x2  
  139  7:16  Zergling x2  
  139  7:18  Drone x2, Hive  
  139  7:21  Extractor  
  139  7:22  Zergling x2  
  142  7:24  Zergling x6  
  142  7:26  Centrifugal Hooks, Overlord  
  142  7:27  Drone x2  
  142  7:28  Drone  
  146  7:30  Drone x3  
  146  7:31  Drone x5  
  146  7:36  Zergling x2, Extractor  
  154  7:40  Overlord  
  154  7:41  Drone  
  154  7:43  Spire  
  154  7:47  Drone x5  
  154  7:48  Extractor  
  158  7:55  Zergling x12  
  164  7:58  Spore Crawler x2  
  164  8:00  Extractor  
  164  8:02  Baneling x5, Zergling x2  
  164  8:03  Zergling x18  
  171  8:06  Zergling x4  
  171  8:07  Zergling x4  
  171  8:09  Zergling x2  
  171  8:10  Zergling x6  
  171  8:11  Zerg Ground Armor Level 2  
  179  8:13  Hatchery  
  179  8:16  Drone  
  179  8:17  Zergling x4  
  179  8:18  Zerg Melee Weapons Level 2  
  179  8:19  Zergling x4  
  184  8:20  Zergling x2  
  183  8:31  Zergling x2  
  183  8:32  Zergling x8  
  188  8:34  Overlord  
  188  8:47  Adrenal Glands  
  188  8:49  Spore Crawler  
  188  8:54  Viper x2  
  189  9:00  Zergling x12  
  195  9:03  Greater Spire, Extractor  
  195  9:05  Extractor  
  193  9:10  Zergling x8  
  196  9:29  Baneling x15  
  196  9:36  Zergling x6  
  196  9:37  Zergling x36  
  196  9:38  Zergling x2  
  198  9:41  Hatchery, Zergling x16  
  199  9:53  Overlord  
  196  10:15  Zerg Flyer Weapons Level 1  
  196  10:16  Zergling x2  
  196  10:17  Zergling x6  
  199  10:37  Baneling x3  
  199  10:38  Zerg Melee Weapons Level 3, Zerg Ground Armor Level 3  
  199  10:43  Hatchery  
  189  10:55  Zergling x54  
  184  10:58  Zergling x2  
  184  10:59  Zergling x32  
  184  11:01  Zergling x2  
  180  11:09  Infestor  
  181  11:14  Corruptor x5  
  181  11:17  Corruptor x2  
  195  11:28  Overseer  
  195  11:32  Baneling  
  195  11:33  Baneling x7  
  195  11:37  Pneumatized Carapace  
  195  11:38  Overseer  
  195  11:49  Spore Crawler  
  195  11:50  Spore Crawler x2  
  195  11:51  Spore Crawler x2  
  195  11:52  Spore Crawler  
  195  11:53  Spore Crawler x2  
  185  11:55  Spore Crawler, Brood Lord x3  
  185  11:56  Brood Lord x4  
  185  11:57  Corruptor  
  185  12:00  Spore Crawler  
  199  12:02  Drone  
  199  12:04  Overseer  
  200  12:12  Zerg Flyer Weapons Level 2  
  187  12:30  Baneling x4  
  187  12:31  Drone x2  
  187  12:36  Brood Lord  
  191  12:47  Zergling x10  
  191  12:48  Zergling x10  
  194  12:52  Zergling x18  
  194  12:53  Zergling x2  
  199  13:00  Spore Crawler, Overlord  
  198  13:09  Infestor x2  
  198  13:10  Corruptor x4  
  181  13:16  Infestor  
  169  13:21  Infestor  
  169  13:22  Corruptor x3  
  169  13:25  Drone x3  
  173  13:27  Drone x3  
  173  13:28  Drone  
  173  13:29  Drone x2  
  173  13:31  Viper  
  182  13:40  Drone x2  
  184  13:42  Brood Lord x4  
  184  13:45  Baneling  
  184  13:46  Baneling x2  
  192  13:53  Brood Lord x3  
  194  13:59  Drone x3  
  194  14:01  Spore Crawler  
  194  14:19  Zergling x2  
  194  14:20  Zergling x10  
  186  14:49  Zergling x2  
  186  14:50  Zergling x10, Overlord  
  186  14:51  Overlord  
  192  15:01  Overseer x3  
  192  15:05  Baneling x8  
  191  15:14  Zergling x16  
  191  15:15  Zergling x2  
  181  15:21  Zergling x2  
  181  15:22  Zergling x32  
  181  15:23  Zergling x2  
  181  15:24  Zergling x12  
  181  15:28  Zergling x8  
  195  15:40  Zergling x2  
  195  15:41  Zergling x8  
  176  15:53  Zergling x28, Roach x3  
  176  15:54  Zergling x4, Overseer  
  176  15:56  Zergling x18  
  198  15:58  Baneling x13  
  198  15:59  Overseer  
  191  16:16  Baneling x2, Zergling x2  
  191  16:17  Zergling x16  
  192  16:28  Drone x4  
  196  16:33  Zergling x8  
  174  16:40  Zergling x26  
  174  16:42  Hatchery  
  174  16:44  Zergling x4  
  159  16:50  Zergling x2, Roach x2  
  164  17:01  Corruptor x2  
  164  17:03  Zergling x14  
  164  17:04  Zergling x8  
  179  17:10  Corruptor  
  177  17:18  Corruptor  
  175  17:39  Brood Lord x2  
  179  17:44  Infestor  
  179  17:46  Overlord  
  179  17:49  Brood Lord x2  
  179  17:50  Baneling  
  179  17:51  Baneling x3  
  185  17:57  Drone x4  
  189  18:00  Zergling x10  
  194  18:07  Baneling x3  
  194  18:17  Baneling x2  
  194  18:19  Zergling x2  
  196  18:20  Baneling x2, Zergling x18  
  196  18:21  Baneling x3  
  194  18:51  Zergling x12  
  200  19:06  Overlord  
  200  19:07  Overlord  
  198  19:14  Baneling x10  
  194  19:17  Zergling x8  
  198  19:26  Zergling x6  
  198  19:27  Zergling x2  
  199  19:36  Zergling x4  
  197  19:42  Ravager x2  
  197  19:44  Zergling x2  
  197  19:45  Zergling x6  
  196  19:59  Zerg Flyer Weapons Level 3  
  190  20:04  Zergling x28  
  198  20:26  Spore Crawler, Corruptor  
  198  20:27  Spore Crawler  
  198  20:28  Spore Crawler x2  
  195  20:29  Drone x3  
  197  20:37  Zergling x6  
  198  20:47  Spore Crawler  
  198  20:48  Spore Crawler  
  198  20:49  Spore Crawler  
  177  20:58  Viper  
  177  20:59  Viper  
  177  21:01  Brood Lord  
  176  21:06  Roach  
  176  21:08  Drone x4  
  176  21:10  Drone  
  181  21:13  Infestor x2  
  185  21:24  Overseer  
  184  21:32  Baneling x6  
  184  21:33  Overseer  
  183  21:40  Baneling  
  183  21:41  Baneling x5, Zergling x20  
  183  21:45  Overlord  
  167  22:01  Zergling x4  
  167  22:02  Zergling x34  
  167  22:05  Roach  
  167  22:06  Roach  
  142  22:09  Queen  
  142  22:13  Queen  
  142  22:14  Zergling x2  
  142  22:15  Zergling x4  
  149  22:16  Zergling x6  
  152  22:28  Zergling x8, Roach x2  
  158  22:31  Queen  
  158  22:34  Ravager  
  158  22:35  Ravager  
  162  22:39  Zergling x20  
  162  22:41  Zergling x10  
  167  22:44  Zergling x2  
  167  22:47  Zergling x6  
  167  22:48  Queen  
  167  22:49  Zergling x4  
  174  22:56  Corruptor x2  
  174  22:57  Zergling x2  
  177  23:00  Zergling x6  
  171  23:07  Zergling x2, Roach x2  
  171  23:08  Zergling x6  
  171  23:09  Zergling x2  
  171  23:10  Zergling x10  
  171  23:11  Baneling x13, Zergling x2  
  171  23:12  Zergling x2  
  184  23:14  Ravager x2  
  184  23:17  Zergling x2  
  184  23:18  Zergling x2  
  182  23:21  Zergling x6  
  182  23:23  Zergling x2  
  185  23:31  Zergling x2  
  185  23:32  Zergling x2  
  187  23:38  Infestor x2  
  187  23:40  Zergling x12  
  187  23:44  Overlord  
  187  23:46  Baneling x8  
  187  23:53  Overlord  
  187  24:05  Hatchery  
  184  24:12  Corruptor x3  
  187  24:22  Zergling x2  
  187  24:23  Zergling x12  
  174  24:30  Brood Lord  
  176  24:32  Infestor x2  
  176  24:33  Corruptor x2  
  176  24:34  Corruptor  
  186  24:43  Brood Lord x3  
  186  24:44  Corruptor  
  194  24:46  Overseer, Overlord  
  194  24:47  Overseer  
  180  25:03  Viper x2, Spore Crawler  
  175  25:09  Zergling x10  
  175  25:12  Brood Lord x3  
  175  25:14  Corruptor x7  
  188  25:24  Infestor x2  
  188  25:27  Brood Lord  
  194  25:34  Hatchery  
  193  25:53  Zergling x12  
  193  25:54  Zergling x18  
  193  25:55  Zergling x10  
  197  25:58  Zergling x6  
  197  26:02  Zergling x8  
  180  26:20  Hatchery  
  168  26:34  Infestor x3  
  169  26:45  Infestor x2  
  173  26:47  Corruptor x2  
  177  27:09  Neural Parasite, Burrow  
  171  27:54  Infestor x6  
  171  27:58  Hatchery  
  182  28:08  Infestor  
  184  28:14  Overseer  
  184  28:20  Zergling x10  
  184  28:21  Zergling x4  
  188  28:50  Zergling x14  
  192  29:15  Infestor x7  
  192  29:35  Zergling x14  
  199  29:58  Overlord  
Show
View Real Time Build Order
Export as new Build Order

Oliveira Terran - Winner!

Build Orders: Reaper Expand, Hellion Banshee 

Get SALT Encoding   

  12  0:00  SCV  
  13  0:12  SCV  
  14  0:17  Supply Depot  
  14  0:24  SCV  
  15  0:38  SCV  
  15  0:39  Barracks  
  16  0:44  Refinery  
  16  0:50  SCV  
  17  1:03  SCV  
  18  1:15  SCV  
  19  1:27  Orbital Command, Reaper  
  20  1:39  Command Center  
  20  1:49  Supply Depot  
  20  1:53  SCV  
  21  1:59  Marine  
  22  2:06  SCV  
  23  2:13  Factory  
  23  2:17  Marine  
  23  2:18  SCV  
  25  2:30  SCV  
  25  2:35  Command Center  
  26  2:37  Barracks Reactor  
  26  2:48  SCV  
  27  2:51  Orbital Command  
  27  2:59  Starport  
  27  3:00  SCV  
  27  3:04  Refinery  
  28  3:12  SCV  
  29  3:17  SCV  
  30  3:21  Barracks Tech Lab  
  30  3:24  SCV, Hellion x2  
  35  3:29  SCV  
  36  3:36  SCV  
  36  3:41  SCV  
  38  3:42  Viking  
  38  3:46  Hellion x2  
  44  3:48  Orbital Command  
  44  3:49  SCV  
  44  3:53  SCV  
  46  3:56  Barracks Tech Lab  
  46  4:02  SCV  
  47  4:05  SCV  
  47  4:06  Supply Depot  
  48  4:10  Hellion x2  
  48  4:14  SCV  
  48  4:15  SCV  
  56  4:17  SCV  
  56  4:20  Marine  
  56  4:22  Stimpack  
  58  4:26  SCV  
  58  4:28  SCV  
  58  4:29  Supply Depot, SCV  
  61  4:36  Banshee  
  62  4:39  Marauder  
  62  4:40  SCV, Bunker  
  65  4:47  SCV  
  65  4:49  Barracks  
  66  4:54  Engineering Bay, Refinery, Barracks, Factory Reactor  
  66  4:55  Engineering Bay, Refinery  
  66  5:00  Marauder  
  66  5:01  SCV  
  66  5:02  SCV  
  69  5:08  Supply Depot  
  69  5:09  Supply Depot  
  68  5:14  Orbital Command  
  68  5:15  SCV  
  68  5:18  SCV  
  68  5:19  Barracks  
  68  5:21  Barracks  
  66  5:32  Terran Infantry Weapons Level 1, Terran Infantry Armor Level 1  
  66  5:33  Starport Reactor  
  66  5:35  SCV x2  
  62  5:40  SCV  
  61  5:47  SCV x2, Command Center  
  63  5:52  SCV, Siege Tank  
  65  5:58  Supply Depot  
  65  5:59  SCV x2  
  67  6:04  SCV  
  67  6:06  Factory  
  67  6:08  Barracks Reactor x2  
  68  6:11  SCV x2, Refinery  
  68  6:12  Refinery  
  68  6:14  Marine  
  68  6:16  SCV, Marine, Medivac x2  
  77  6:20  Marine x3  
  77  6:21  Supply Depot  
  77  6:23  SCV x2  
  77  6:25  Supply Depot, Combat Shield  
  81  6:28  SCV  
  82  6:35  SCV  
  82  6:37  SCV  
  84  6:40  SCV  
  84  6:42  Siege Tank  
  88  6:47  Supply Depot, SCV  
  88  6:48  Supply Depot  
  88  6:49  Armory  
  88  6:51  Barracks  
  88  6:52  Factory Tech Lab  
  88  6:53  SCV x2, Barracks  
  91  6:56  Barracks  
  91  7:00  SCV  
  92  7:05  SCV x2  
  92  7:07  Marauder  
  96  7:08  Supply Depot  
  96  7:12  SCV  
  96  7:14  Medivac  
  96  7:15  Siege Tank x2, Medivac  
  107  7:17  SCV x2  
  109  7:28  SCV, Marauder  
  109  7:29  Planetary Fortress  
  112  7:31  Marine x3  
  112  7:32  SCV  
  112  7:33  Marine x3  
  112  7:35  SCV  
  119  7:39  Barracks Tech Lab  
  119  7:40  Barracks Tech Lab  
  119  7:41  Command Center  
  119  7:43  Missile Turret  
  119  7:44  SCV  
  119  7:46  Barracks Tech Lab  
  119  7:47  Terran Infantry Weapons Level 2  
  119  7:49  SCV  
  119  7:50  SCV  
  119  7:51  Terran Infantry Armor Level 2  
  122  7:54  Siege Tank  
  122  7:58  SCV  
  126  8:01  Siege Tank, Refinery, SCV  
  126  8:02  Refinery  
  126  8:03  SCV  
  131  8:06  Terran Vehicle Weapons Level 1  
  131  8:10  SCV  
  131  8:12  SCV  
  133  8:13  SCV  
  133  8:14  Supply Depot x2, Viking  
  133  8:15  Viking  
  133  8:18  Ghost Academy  
  138  8:20  Marine x2  
  140  8:33  Supply Depot x2  
  140  8:35  Siege Tank, Marine x2  
  140  8:36  Marauder x3  
  140  8:39  Siege Tank, Factory  
  154  8:48  Command Center  
  157  8:59  Drilling Claws  
  157  9:03  Ghost x2  
  161  9:10  Command Center  
  161  9:13  Ghost  
  161  9:14  Viking  
  161  9:15  Viking  
  163  9:17  Ghost, Sensor Tower  
  163  9:23  Siege Tank  
  168  9:28  Factory Reactor  
  168  9:30  Siege Tank  
  165  9:38  Ghost  
  165  9:44  Missile Turret, Ghost  
  165  9:50  Personal Cloaking  
  165  9:53  Command Center  
  165  9:54  Missile Turret  
  165  9:55  Ghost, Missile Turret  
  165  9:59  Concussive Shells  
  167  10:04  Ghost  
  169  10:08  Orbital Command  
  169  10:11  Command Center  
  169  10:14  Widow Mine x2  
  173  10:17  Siege Tank x2  
  179  10:24  Orbital Command  
  179  10:28  Ghost x2  
  181  10:29  Missile Turret  
  181  10:30  Marauder  
  185  10:37  Widow Mine x2  
  185  10:39  Terran Vehicle Weapons Level 2  
  187  10:47  Planetary Fortress  
  186  10:53  Siege Tank  
  155  10:59  Siege Tank  
  155  11:03  Widow Mine x2  
  153  11:06  Orbital Command  
  153  11:07  Marine x2  
  153  11:08  Marine x5  
  153  11:10  Marauder x4  
  168  11:15  Terran Infantry Weapons Level 3  
  168  11:16  SCV x2  
  170  11:23  Planetary Fortress  
  170  11:25  Missile Turret  
  170  11:28  SCV  
  170  11:31  Refinery  
  170  11:32  Missile Turret, Refinery, SCV  
  172  11:33  Missile Turret  
  172  11:35  Siege Tank x2, Widow Mine x2  
  182  11:52  Viking x2  
  182  11:53  Ghost  
  188  11:57  Terran Infantry Armor Level 3  
  188  12:07  Command Center  
  192  12:17  Widow Mine x2  
  192  12:19  Ghost  
  192  12:22  Marauder  
  190  12:27  Nuke  
  184  12:31  Ghost x2  
  184  12:35  Viking x2  
  184  12:37  Infernal Pre-Igniter, Thor  
  186  12:40  Marine x4  
  186  12:41  Marine  
  186  12:42  Marine  
  193  12:56  Ghost x2  
  193  12:58  Marine  
  193  12:59  Ghost  
  196  13:16  Marine  
  196  13:18  Ghost  
  194  13:20  Siege Tank  
  194  13:23  Terran Vehicle Weapons Level 3  
  194  13:24  Ghost, Factory  
  194  13:25  Factory  
  199  13:33  Siege Tank  
  199  14:17  Factory Reactor  
  199  14:18  Factory Tech Lab  
  199  14:21  Hellion  
  199  14:23  Marauder x2  
  193  14:26  Siege Tank  
  190  14:33  Thor  
  190  14:35  Hellion  
  197  14:40  Neosteel Armor  
  197  14:41  Fusion Core, Starport  
  197  14:43  Orbital Command, Hellion  
  197  14:50  Siege Tank  
  197  14:51  Liberator  
  199  15:03  Sensor Tower  
  199  15:04  Missile Turret, Command Center  
  199  15:05  Missile Turret, Command Center  
  199  15:13  Orbital Command  
  188  15:27  Ghost x2  
  171  15:31  Thor x2  
  171  15:32  Thor  
  171  15:33  Advanced Ballistics, Hellion x2  
  171  15:34  Starport Reactor  
  171  15:35  Liberator  
  193  15:42  Smart Servos  
  196  15:43  Hi-Sec Auto Tracking  
  192  15:53  Hellion  
  192  15:54  Hellion  
  196  15:58  Hellion  
  196  15:59  Hellion  
  191  16:16  Thor  
  191  16:18  Terran Vehicle And Ship Armor Level 1  
  197  16:29  Planetary Fortress, Missile Turret  
  197  16:30  Missile Turret  
  197  16:32  Liberator  
  164  16:45  Thor  
  164  16:46  Thor  
  161  16:48  Hellion x3  
  161  16:50  SCV x2  
  161  16:51  SCV  
  161  16:53  Liberator x2  
  176  16:54  Liberator  
  176  16:58  Hellion  
  176  17:00  SCV x2  
  187  17:17  Hellion x2  
  187  17:21  SCV  
  192  17:28  Hellion  
  192  17:29  Hellion  
  190  17:30  Liberator  
  190  17:34  SCV  
  188  17:37  Liberator x2  
  188  17:38  Liberator  
  194  17:59  Hellion x2  
  198  18:06  Armory  
  198  18:30  Nuke  
  198  18:33  Terran Vehicle And Ship Armor Level 2  
  198  18:35  Hellion  
  195  18:43  SCV x2  
  192  19:00  Siege Tank x2  
  192  19:01  Orbital Command, Hellion x2  
  192  19:02  Liberator  
  190  19:13  SCV  
  181  19:17  Orbital Command  
  181  19:18  Siege Tank  
  181  19:19  Liberator x2, Hellion x2  
  184  19:34  Siege Tank x2  
  184  19:35  Hellion x2  
  184  19:36  Caduceus Reactor  
  186  19:42  Medivac  
  186  19:44  Terran Ship Weapons Level 1  
  188  19:45  Nuke  
  188  19:49  SCV x2  
  185  20:01  Command Center  
  183  20:19  Hellion  
  183  20:20  Hellion x2  
  189  20:26  Siege Tank x2  
  189  20:27  Siege Tank  
  198  20:30  Hellion  
  198  20:35  Orbital Command  
  194  20:48  Orbital Command  
  190  20:59  Hellion x3  
  183  21:12  SCV  
  183  21:13  SCV, Terran Vehicle And Ship Armor Level 3  
  185  21:21  Hellion  
  181  21:47  Hellion  
  179  21:53  Hellion  
  163  22:01  Ghost x2  
  163  22:05  Ghost x2  
  135  22:12  SCV  
  135  22:13  SCV x2  
  135  22:14  SCV x4  
  142  22:22  Hellion x4  
  150  22:23  SCV  
  150  22:25  SCV  
  150  22:28  SCV x3  
  155  22:30  Ghost  
  155  22:35  Ghost x2  
  161  22:41  Ghost  
  161  22:42  Orbital Command  
  163  22:44  SCV  
  163  22:45  SCV  
  164  22:51  SCV  
  160  22:58  Ghost  
  160  23:01  SCV  
  160  23:02  Orbital Command  
  157  23:10  Ghost  
  157  23:11  Ghost x2  
  161  23:13  Hellion x3  
  161  23:14  Hellion  
  161  23:17  SCV  
  170  23:23  SCV  
  170  23:24  SCV  
  169  23:38  Ghost  
  169  23:39  SCV x3  
  174  23:41  Ghost  
  176  23:48  Refinery  
  176  23:50  Refinery  
  176  23:56  Ghost  
  168  24:06  Refinery  
  168  24:09  Refinery  
  168  24:20  Ghost  
  170  24:26  SCV  
  170  24:27  SCV  
  172  24:32  Hellion x5  
  172  24:37  SCV  
  171  25:11  Ghost  
  167  25:16  SCV  
  167  25:17  SCV  
  169  25:26  Thor x2  
  185  25:28  Hellion x2  
  183  25:43  SCV x2  
  183  25:45  Marauder x3  
  183  25:46  Marauder  
  191  25:54  SCV  
  170  25:59  SCV  
  170  26:00  SCV x2  
  144  26:04  Orbital Command  
  144  26:06  Marauder x2  
  144  26:07  SCV, Marauder  
  148  26:23  Marauder  
  144  26:26  SCV  
  144  26:28  Orbital Command  
  145  26:42  SCV  
  145  26:46  SCV x2  
  146  26:51  SCV  
  147  26:56  SCV  
  147  26:59  SCV x2  
  150  27:13  SCV x2  
  150  27:14  SCV  
  153  27:17  Refinery x2  
  153  27:22  SCV x2  
  155  27:24  SCV  
  155  27:26  SCV  
  157  27:32  SCV  
  157  27:36  Nuke  
  158  27:38  Hellion  
  160  27:50  SCV x2  
  159  28:08  Missile Turret  
  159  28:09  SCV  
  159  28:10  Thor  
  166  28:15  SCV  
  166  28:16  SCV x2, Missile Turret  
  169  28:25  Thor  
  172  28:34  SCV x2  
  172  28:36  SCV  
  172  28:40  Thor  
  181  28:46  Hellion  
  177  28:52  Hellion  
  177  28:54  Hellion  
  178  28:56  Hellion  
  178  29:09  Thor  
  182  29:22  Hellion x2  
  182  29:23  Liberator  
  189  29:29  Supply Depot  
  189  29:32  Supply Depot  
  189  29:51  Liberator  
  170  30:11  Hellion  
Tags
 
Add a new tag
Caveats
  • Supply blocks, unpowered buildings, or Contaminate may cause inaccurate times.
  • Supply counts are checked every 10 seconds.